[Event "5th Sharjah Masters 2022"]
[Site "Sharjah"]
[Date "2022.05.22"]
[Round "2.29"]
[White "Dimakiling, Oliver"]
[Black "Jumabayev, Rinat"]
[Result "1-0"]
[ECO "D27"]
[WhiteElo "2420"]
[BlackElo "2628"]
[Annotator "TA"]
[PlyCount "98"]
[EventDate "2022.05.21"]
[EventType "swiss"]
[EventCountry "UAE"]
[SourceTitle "playchess.com"]
[Source "ChessBase"]
[SourceQuality "1"]
[TimeControl "5400+30"]

1. Nf3 Nf6 2. d4 d5 3. c4 e6 4. Nc3 dxc4 5. e3 a6 6. a4 c5 7. Bxc4 Nc6 8. O-O Be7 9. Qe2 O-O 10. Rd1 Qc7 11. Bd2 {[%emt 0:06:37] 11.dxc5 gains popularity.} Rd8 12. Be1 {[%emt 0:00:17] D27: Queen's Gambit Accepted: Classical main line: 7 e4!? and 7 a4.} Bd7 13. d5 exd5 14. Nxd5 {[%emt 0:00:55] The position is equal.} Nxd5 15. Bxd5 {[%emt 0:00:06] [#]} Be8 $146 ({Predecessor:} 15... Bf6 16. Bc3 Bxc3 17. bxc3 Be8 18. e4 Qe7 19. a5 Rab8 20. Qe3 b5 21. axb6 Rxb6 {1-0 (45) Foisor,O (2495)-Anand,V (2500) Moscow 1987}) 16. Qc4 b5 17. Qe4 Rac8 18. axb5 axb5 19. h4 b4 20. Rac1 h6 21. h5 Bf8 22. Ba2 Qe7 23. Qc2 $40 {[%emt 0:00:18][%mdl 128] White has some attack.} Qf6 24. Nd2 Ne5 $1 {[%emt 0:07:39][%cal Bc6e5,Be5g4,Bg4e3][%mdl 32] Hoping for ...Bb5.} 25. Bb1 g6 26. Ne4 Qb6 27. hxg6 fxg6 28. f4 Ng4 29. Qe2 Qe6 (29... h5 $11) 30. Rxd8 Rxd8 {[%emt 0:00:10] [#]} 31. Nxc5 $2 (31. Qxg4 $1 $18 Qxg4 32. Nf6+ Kg7 33. Nxg4) 31... Bxc5 $11 ({Don't do} 31... Qxe3+ 32. Qxe3 Nxe3 33. Ne6 $16 (33. Bxb4 Bf7 $11)) 32. Rxc5 Qxe3+ (32... Rd1 $11 33. Bxg6 (33. Qxd1 Qxe3+ 34. Kh1 Qxf4 $15) 33... Rxe1+ 34. Qxe1 Bxg6) 33. Qxe3 $14 Nxe3 34. Ba2+ Bf7 35. Bxf7+ Kxf7 36. Bxb4 $11 {[%emt 0:00:38][%mdl 4096] Endgame KRB-KRN} Rd1+ 37. Kf2 Nd5 38. Rc4 h5 39. Bc3 Ke6 40. Ke2 {[%emt 0:00:46] Re4+ is the strong threat.} Rg1 41. Re4+ Kd7 42. Kf2 Rc1 43. Be5 Rc2+ 44. Kf3 {[%emt 0:00:23] White is better.} Rc1 45. Ra4 Ke6 46. Ra6+ Kf7 47. Ke4 Ne7 48. Rf6+ Ke8 49. Bd6 Rc2 {[%emt 0:01:50][%csl LRb2,LRg2] Weighted Error Value: White=0.21 (precise) /Black=0.28 (precise)} 1-0

[Event "5th Sharjah Masters 2022"]
[Site "Sharjah"]
[Date "2022.05.22"]
[Round "2.30"]
[White "Buksa, Nataliya"]
[Black "Mastrovasilis, Dimitrios"]
[Result "1-0"]
[ECO "B41"]
[WhiteElo "2406"]
[BlackElo "2613"]
[Annotator "TA"]
[PlyCount "109"]
[EventDate "2022.05.21"]
[EventType "swiss"]
[EventCountry "UAE"]
[SourceTitle "playchess.com"]
[Source "ChessBase"]
[SourceQuality "1"]
[TimeControl "5400+30"]

1. e4 c5 2. Nf3 e6 3. d4 cxd4 4. Nxd4 a6 5. c4 Bc5 6. Nc3 {[%emt 0:07:16] B41: Sicilian: Kan Variation: 5 c4.} d6 7. Nb3 {[%emt 0:10:09] White is more active.} Ba7 {[%emt 0:03:51] [#]} 8. Qd3 $146 {[%emt 0:01:07] White is slightly better.} ({Predecessor:} 8. Qe2 Ne7 9. Be3 O-O 10. O-O-O Qc7 11. Kb1 Nbc6 12. h4 Bxe3 13. Qxe3 f5 14. Bd3 {½-½ (39) Vallejo Pons,F (2629)-Epishin,V (2626) Dos Hermanas 2003}) 8... Nc6 9. Bf4 (9. Qg3 $14) 9... e5 $11 10. Be3 {[%emt 0:00:50] next Bxa7 is good for White.} Nb4 11. Qd2 Bxe3 12. fxe3 Bg4 13. Be2 Bxe2 14. Qxe2 Nf6 15. O-O O-O 16. Rad1 Qe7 $1 17. a3 Nc6 18. Nd5 Nxd5 19. Rxd5 Rad8 20. Qd3 Qc7 21. Rd1 Qb6 22. Rd2 h6 23. Nc1 ({Better is} 23. h3 $14) 23... Qa7 (23... Ne7 $5 24. c5 Qc6 25. Rxd6 Rxd6 26. cxd6 (26. Qxd6 Qxe4 27. Qd3 Qh4 $11) 26... Rd8 $11) 24. Qe2 Qb8 25. Qd1 Qa7 26. Qb3 Kh7 27. Ne2 f5 (27... b5 $11 {remains equal.} 28. cxb5 axb5) 28. exf5 $16 {[%emt 0:06:14] Black must now prevent Ng3. Black is on the road to losing.} (28. Rxd6 Nd4 $1 29. R2xd4 exd4 30. Rxd8 Rxd8 31. exd4 fxe4 $15) 28... Ne7 29. Rxd6 Rxd6 30. Rxd6 {[%emt 0:00:03] aiming for Ng3.} Nxf5 31. Rb6 Qb8 {[%emt 0:02:05] ...Qd8 is the strong threat.} 32. Ng3 ({Resist} 32. Rxb7 Qc8) 32... Nxg3 33. hxg3 {[%emt 0:00:04][%mdl 4096] Endgame KQR-KQR} e4 34. Qb4 Rd8 (34... Rc8 $16) 35. Qe7 $18 Re8 {[%emt 0:00:51] [#]} 36. Qd6 ({Stronger than} 36. Rxb7 Qxg3 37. Qf6 (37. Qxe8 Qe1+ 38. Kh2 Qh4+ 39. Kg1 Qe1+ 40. Kh2 Qh4+ 41. Kg1 Qe1+ $11) 37... Re5 $11) 36... Qc8 $2 (36... Qxd6 37. Rxd6 Rc8) 37. Qg6+ Kh8 {[%emt 0:00:01] [#]} 38. Rxb7 $3 Rg8 39. Qxe4 Qc5 40. b4 Qh5 41. Rd7 {[%emt 0:01:41] Strongly threatening c5.} Re8 42. Qf3 Qg5 (42... Qxf3 $142 43. gxf3 Rxe3) 43. Rd3 Qg6 44. Rd7 ({White should play} 44. Rd5 $18 Re6 45. c5) 44... Qe6 $2 (44... Qg5 $1 $11 {and Black stays safe.}) 45. Rd5 {[%emt 0:00:04] White is clearly winning.} a5 46. Rxa5 Qxc4 47. Rc5 Qd3 48. e4 Qd4+ 49. Kh2 Qd7 50. e5 Qe7 51. Qg4 Qf7 52. Rc8 {[%emt 0:00:41] Intending e6 and mate.} Rxc8 53. Qxc8+ Kh7 54. Qc2+ Kh8 55. Qe2 {[%emt 0:00:18] Weighted Error Value: White=0.30/Black=0.49} 1-0

[Event "5th Sharjah Masters 2022"]
[Site "Sharjah"]
[Date "2022.05.22"]
[Round "2.31"]
[White "Adly, Ahmed"]
[Black "Haznedaroglu, Kivanc"]
[Result "0-1"]
[ECO "A46"]
[WhiteElo "2596"]
[BlackElo "2425"]
[Annotator "TA"]
[PlyCount "76"]
[EventDate "2022.05.21"]
[EventType "swiss"]
[EventCountry "UAE"]
[SourceTitle "playchess.com"]
[Source "ChessBase"]
[SourceQuality "1"]
[TimeControl "5400+30"]

1. Nf3 Nf6 2. g3 b5 3. Bg2 Bb7 4. O-O e6 5. d4 c5 6. a4 b4 7. c3 bxc3 {[%emt 0:03:43] A46: 1 d4 Nf6 2 Nf3 e6: Torre, London and Colle Systems.} 8. Nxc3 Be7 9. Bf4 O-O {[%emt 0:05:19] The position is equal.} 10. dxc5 Na6 11. Nb5 Bxc5 {[%emt 0:02:58] [#]} 12. Rc1 $146 ({Predecessor:} 12. Nd6 Bd5 13. Qd3 Nb4 14. Qc3 Na6 15. Be5 Bxd6 16. Bxd6 Ne4 17. Qa3 Re8 18. Bf4 {½-½ (37) Cervino Rossel,C (2100)-Pablos Tenrero,R (1988) Madrid 2017}) 12... Qb6 13. Ne5 {[%emt 0:08:48] And now Nc4 would win.} Bxg2 14. Kxg2 d6 (14... Nd5 $11) 15. Nd3 (15. Nc4 $5 Qb7+ 16. f3 $14) 15... Nd5 16. Bd2 Rfd8 17. e4 (17. Bg5 $5 ) 17... Ndb4 18. Nf4 (18. Qe2 $14) 18... Qb7 ({Black should play} 18... d5) 19. Qf3 $11 Nc6 20. Nd3 {[%emt 0:01:12][%cal Oe4e5] Threatens to win with e5!} Nd4 21. Nxd4 Bxd4 22. b4 Rac8 {[%emt 0:01:45] Inhibits Rc4.} 23. h4 Nb8 24. Bg5 Rxc1 25. Rxc1 (25. Bxc1 Nd7 $11) 25... Rc8 26. Rd1 (26. Rxc8+ $14 Qxc8 27. Be3) 26... Rc2 (26... h6 $11 27. Be3 Bxe3 28. Qxe3 Nd7) 27. Bf4 (27. e5 $5 d5 28. Bh6 $11) 27... Qa6 28. Be5 Nc6 29. b5 Qxa4 30. bxc6 dxe5 31. Nxe5 $40 {[%emt 0:00:02][%mdl 128] Black needs to defend precisely.} f6 32. Qg4 Rxf2+ 33. Kh3 f5 $2 {[%emt 0:06:27][%mdl 8192] [#]} (33... fxe5 34. Qxe6+ Kf8 35. c7 Qe8 36. Qxe8+ Kxe8 37. c8=Q+ Ke7 38. Rc1) (33... h5 $11 34. Qxe6+ Kh7) 34. exf5 $4 {[%emt 0:01:02][%mdl 8192] [#]} (34. Qh5 $1 $18 h6 35. Qf7+ Kh7 36. Qg6+ Kg8 37. Qe8+ Kh7 38. Qg6+ Kg8 39. c7) 34... Qc2 $1 $19 35. Qg5 (35. Rh1 Bxe5) 35... Rh2+ {[%emt 0:00:11] Black mates.} 36. Kg4 Qxd1+ 37. Nf3 Bf6 38. Qh5 Qa4+ {[%emt 0:00:13] Weighted Error Value: White=0.55/Black=0.16 (very precise)} 0-1

[Event "5th Sharjah Masters 2022"]
[Site "Sharjah"]
[Date "2022.05.22"]
[Round "2.32"]
[White "Azarov, Sergei"]
[Black "Hesham, Abdelrahman"]
[Result "1-0"]
[ECO "B94"]
[WhiteElo "2588"]
[BlackElo "2412"]
[Annotator "TA"]
[PlyCount "67"]
[EventDate "2022.05.21"]
[EventType "swiss"]
[EventCountry "UAE"]
[SourceTitle "playchess.com"]
[Source "ChessBase"]
[SourceQuality "1"]
[TimeControl "5400+30"]

1. e4 c5 2. Nf3 d6 3. d4 cxd4 4. Nxd4 Nf6 5. Nc3 a6 6. Bg5 Nbd7 7. Bc4 {[%emt 0:01:31] 7.Qe2 is a critical line.} Qb6 {[%emt 0:00:08] B94: Sicilian Najdorf: 6 Bg5 Nbd7.} 8. Bb3 e6 9. Qd2 Be7 {[%emt 0:06:19] The position is equal.} 10. O-O-O Nc5 11. Rhe1 {[%emt 0:01:09][%cal Od4f5] Threatens to win with Nf5!} h6 12. Bh4 {[%emt 0:01:00][%cal Od4f5,Bg5h4,Bh4g3,Bg3e5][%mdl 32] Strongly threatening Nf5!} Qc7 13. Bg3 {[%emt 0:33:29] Black must now prevent e5.} O-O 14. e5 dxe5 15. Bxe5 {[%emt 0:00:36] [#]} Nxb3+ $146 ({Predecessor:} 15... Qb6 16. Kb1 Bd7 17. Qf4 a5 18. a4 Qb4 19. g4 Bxa4 20. g5 Nh5 21. Qf3 g6 22. Nxa4 Nxb3 23. cxb3 hxg5 {1-0 (30) Dominguez Perez,L (2739)-Gulamali,K (2341) Chess.com INT 2017}) 16. axb3 Qa5 17. Kb1 {[%emt 0:00:57] Against Qa1+} Ng4 18. Bg3 Bb4 (18... Rd8 $11) 19. Nf3 $1 $14 Nf6 20. Bd6 Bxc3 21. bxc3 Rd8 (21... Re8 $142) 22. Kb2 (22. Ne5 $16) 22... b5 $2 {[%emt 0:01:28] This move loses the game for Black.} (22... Qf5 $14) 23. Qf4 $18 {[%emt 0:08:45] Hoping for Bc7.} Rd7 {[%emt 0:05:29] [#] Prevents Bc7.} (23... Nd5 $2 24. Rxd5 $1 (24. Bb4 Nxf4 25. Bxa5 Rxd1 $11) 24... exd5 25. Bc7 Qxc7 26. Qxc7 $18) 24. Ne5 $1 Rb7 (24... Nd5 $2 25. Rxd5 Rb7 26. Rd3 $18) (24... Qd8) 25. Nc6 {[%emt 0:07:30] Dancing on a razor blade. Active counter play!} (25. Re3 $142) 25... Qb6 {[%emt 0:00:09] [#]} 26. Ne7+ Kh7 $2 {[%emt 0:01:31] [#]} (26... Rxe7 27. Bxe7 Nd5) 27. Be5 $1 {[%emt 0:03:18] White is clearly winning.} Nd5 (27... Rxe7 28. Bxf6) 28. Nxc8 Qc6 {[%emt 0:03:45] [#]} 29. Qg3 f6 30. Nd6 fxe5 31. Nxb7 Qxb7 32. Qxe5 Qc6 33. Rd3 Rc8 34. g3 {[%emt 0:02:44] Weighted Error Value: White=0.16 (very precise) /Black=0.47} 1-0

[Event "5th Sharjah Masters 2022"]
[Site "Sharjah"]
[Date "2022.05.22"]
[Round "2.33"]
[White "Injac, Teodora"]
[Black "Kuybokarov, Temur"]
[Result "0-1"]
[ECO "E62"]
[WhiteElo "2384"]
[BlackElo "2582"]
[Annotator "TA"]
[PlyCount "104"]
[EventDate "2022.05.21"]
[EventType "swiss"]
[EventCountry "UAE"]
[SourceTitle "playchess.com"]
[Source "ChessBase"]
[SourceQuality "1"]
[TimeControl "5400+30"]

1. d4 {[%emt 0:00:02] ChessBase II} Nf6 2. c4 g6 3. Nf3 Bg7 4. g3 O-O 5. Bg2 d6 6. O-O c6 7. Nc3 Bf5 8. Re1 Ne4 9. Qb3 {[%emt 0:00:54] 9.Qb3 is better than 9.Nxe4.} Nxc3 10. bxc3 Bc8 {[%emt 0:00:10] E62: King's Indian: Fianchetto: 6...c6 and Panno Variation (6...Nc6) without ...a6.} 11. Ba3 Nd7 12. e4 c5 {[%emt 0:12:52] The position is equal.} 13. e5 Qa5 {[%emt 0:07:36] [#]} (13... dxe5 $11 14. dxe5 e6) 14. e6 $146 ({Predecessor:} 14. Rad1 Nb6 15. exd6 exd6 16. dxc5 dxc5 17. Ne5 Re8 18. f4 Bxe5 19. Rxe5 Rxe5 20. fxe5 {½-½ (29) Le Roux,J (2538)-L'Ami,A (2297) Aix les Bains 2011 CBM 142 Extra [ChessBase II]}) 14... fxe6 15. Ng5 Nb6 16. Nxe6 Bxe6 17. Rxe6 Rf7 18. Rae1 (18. Bxb7 Rb8 19. dxc5 Rxb7 $14) 18... Raf8 19. f4 Bf6 20. Bb2 Rc8 21. d5 Na4 ({Better is} 21... Rb8 $14) 22. R6e3 ({And not} 22. Qxb7 Rc7 23. Qb8+ Rf8 $17) 22... Rb8 23. Bh3 {[%emt 0:01:21] Be6 is the strong threat.} Rff8 24. Bd7 (24. Ba1 $14) 24... Nb6 (24... b5 $11) 25. Bg4 Na4 26. Bd7 Nb6 27. Bg4 (27. Be6+ $16 Kh8 28. Ba1) 27... a6 $2 (27... Na4 $11) 28. Ba1 (28. Be6+ $1 $18 {is the precise move to win.} Kg7 29. Ba1) 28... Na4 (28... Kh8 $16 {keeps fighting.}) 29. Bd7 Nb6 30. Bg4 (30. Be6+ $18 Kg7 31. Bg4) 30... Na8 (30... Na4 $1 $11 {remains equal.}) 31. h4 Nc7 32. Qc2 ({White should try} 32. h5 $16) 32... Rf7 33. Kg2 b5 34. Be2 Rb7 ({Black should play} 34... Qa4 35. Qxa4 bxa4) 35. Bd3 (35. h5 $142) 35... Kh8 (35... Rb8 $16) 36. h5 $1 $18 gxh5 37. Qe2 $1 h4 38. Qh5 $2 (38. g4 $1 $16 ) 38... Rg7 $11 39. Kh3 (39. g4 $11 {keeps the balance.}) 39... bxc4 $17 {[%emt 0:00:26] Really sharp!} 40. Be4 (40. Bxc4 $15 Rb8 41. g4) 40... Qxa2 {[%emt 0:01:23] Strongly threatening ...Qf2.} 41. g4 (41. R3e2 $142 Qa4 42. g4) 41... Qf2 $1 $19 42. Qf5 Rb8 {[%emt 0:00:25] Inhibits Qc8+. White must now prevent ...Rbg8.} 43. g5 $2 {[%emt 0:00:48] [#]} (43. Bg2 Rb1 44. R1e2 (44. Qxb1 $2 {is the wrong capture.} Rxg4 45. Qe4 Rxf4 $19)) 43... Rbg8 $1 44. R1e2 Qf1+ 45. Kxh4 (45. Bg2 $142 Qxa1 46. Re1) 45... Rg6 {[%emt 0:01:57] aiming for ...Nxd5.} 46. Bb2 Ne8 47. Rg2 Rh6+ {[%emt 0:00:23] Black mates.} 48. Kg3 Ng7 ({Stronger than} 48... Qh1 49. Kf2 $11) 49. Qg4 Nh5+ 50. Kh2 Nxf4+ 51. gxh6 Rxg4 52. Rxg4 Qf2+ {[%emt 0:00:06] Weighted Error Value: White=0.79/Black=0.39} 0-1

[Event "5th Sharjah Masters 2022"]
[Site "Sharjah"]
[Date "2022.05.22"]
[Round "2.34"]
[White "Sanal, Vahap"]
[Black "Erdogdu, Mert"]
[Result "1/2-1/2"]
[ECO "B52"]
[WhiteElo "2575"]
[BlackElo "2407"]
[Annotator "TA"]
[PlyCount "85"]
[EventDate "2022.05.21"]
[EventType "swiss"]
[EventCountry "UAE"]
[SourceTitle "playchess.com"]
[Source "ChessBase"]
[SourceQuality "1"]
[TimeControl "5400+30"]

1. e4 c5 2. Nf3 d6 3. Bb5+ Bd7 4. Bxd7+ Qxd7 5. c4 Nf6 6. Nc3 g6 7. d4 cxd4 8. Nxd4 Bg7 9. f3 O-O 10. Be3 Nc6 11. O-O Rfc8 12. b3 Qd8 13. Qd2 Qa5 14. Rac1 {[%emt 0:00:38] B52: Sicilian: Moscow Variation with 3...Bd7.} a6 15. Nxc6 Rxc6 {[%emt 0:02:58] [#]} 16. a4 $146 {[%emt 0:01:06] White has an edge.} ({Predecessor:} 16. Nd5 Qxd2 17. Bxd2 Nxd5 18. cxd5 Bd4+ 19. Kh1 Rcc8 20. Rxc8+ Rxc8 21. Rc1 {½-½ (21) Gorodetzky,D (2495)-Mikhalevski,V (2552) Jerusalem 2021}) 16... Re8 17. Rc2 Nd7 18. Rb1 Qd8 19. Nd5 a5 20. Nc3 Nc5 21. Nb5 Be5 22. Qd1 Qb8 23. f4 Bg7 24. Qf3 Rcc8 25. Rd2 b6 26. Bd4 Qb7 27. Bxg7 Kxg7 28. Re1 Kg8 29. g4 {[%emt 0:03:04] Against f5. White is more active.} Rf8 30. f5 f6 31. h4 gxf5 32. gxf5 Kh8 33. Rg2 Rg8 34. Ree2 Qa8 35. Nd4 Rxg2+ 36. Rxg2 ({White should play} 36. Kxg2 $11 Rg8+ 37. Kh3) 36... Rg8 ({Black should try} 36... Qxe4 $15 37. Qxe4 Nxe4) 37. Rxg8+ $11 Qxg8+ {[%emt 0:00:16][%mdl 4096] Endgame KQN-KQN} 38. Kf2 Qg7 39. Ne6 Nxe6 40. fxe6 {[%emt 0:00:02] The position is equal.} Qh6 41. Kg3 Qd2 42. Kh3 Qd4 43. h5 {[%emt 0:00:54] Weighted Error Value: White=0.12 (very precise) /Black=0.10 (very precise)} 1/2-1/2

[Event "5th Sharjah Masters 2022"]
[Site "Sharjah"]
[Date "2022.05.22"]
[Round "2.35"]
[White "Mastrovasilis, Athanasios"]
[Black "Saeed, Ishaq"]
[Result "1-0"]
[ECO "A59"]
[WhiteElo "2540"]
[BlackElo "2397"]
[Annotator "TA"]
[PlyCount "115"]
[EventDate "2022.05.21"]
[EventType "swiss"]
[EventCountry "UAE"]
[SourceTitle "playchess.com"]
[Source "ChessBase"]
[SourceQuality "1"]
[TimeControl "5400+30"]

1. d4 Nf6 2. c4 c5 3. d5 b5 4. cxb5 a6 5. bxa6 g6 6. Nc3 Bxa6 7. Nf3 d6 8. e4 Bxf1 9. Kxf1 Bg7 10. g3 O-O 11. Kg2 Nbd7 12. a4 {[%emt 0:00:53] The modern move. A59: Benko/Volga Gambit: White castles by hand.} Qb6 13. Re1 Ng4 14. Nb5 {[%emt 0:21:30] White is better.} c4 {[%emt 0:28:10] [#]} 15. Re2 $146 ({Predecessor:} 15. Qc2 Nc5 16. h3 Nf6 17. Be3 Nfxe4 18. Qxe4 Qxb5 19. Qxe7 Nxa4 20. Qxd6 Rfd8 21. Qc6 Qxd5 22. Qxd5 Rxd5 {½-½ (29) Tupet,G (1931)-Verschraegen,T (1752) Lille 2015}) 15... f5 {[%emt 0:12:54] White must now prevent ...fxe4.} 16. Qc2 fxe4 17. Qxe4 Nde5 18. Ra3 Qc5 (18... Nf6 $142 19. Qc2 Qb7) 19. Be3 (19. Bg5 $142 $1 Rf7 20. Qd4) 19... Nxe3+ $16 20. Raxe3 {[%emt 0:00:11] Hoping for Ng5.} ({Don't play} 20. Rexe3 $6 Nxf3 21. Rxf3 Bxb2 22. Qe6+ Kh8 $11) 20... Rxa4 21. Nc3 Rb4 22. Ng5 {[%emt 0:00:27] Strongly threatening f4.} Qb6 23. f4 Bh6 $2 {[%emt 0:00:15][%mdl 8192] [#]} (23... Nf7 $1 $11) 24. Ne6 $2 $40 {[%emt 0:01:29][%mdl 128] White attacks.} (24. h4 $1 $18) 24... Ng4 $11 25. Nxf8 {[%emt 0:02:36] Pair of Knights!} Nxe3+ 26. Rxe3 Bxf8 (26... Rxb2+ $2 27. Kh3 (27. Re2 Bxf8 28. Qxc4 Qb3 $11) 27... Bxf8 28. Na4 $18) 27. Kh3 {[%emt 0:03:17] With the idea Qe6+.} Qb7 $2 {[%emt 0:00:54][%mdl 8192] [#]} (27... Rxb2 $2 28. Na4 Qb8 29. Nxb2 Qxb2 30. Qxc4 $18) (27... Qc5 $11 {and Black stays safe.}) 28. Qe6+ $1 $18 Kg7 29. Ne4 $2 (29. f5 $18 {fxg6 would kill now.} g5 30. Re4) 29... h6 $2 (29... Rb5 $11) 30. f5 gxf5 {[%emt 0:01:01] [#]} 31. Rf3 $1 Kh8 (31... Qb8 32. Rxf5) 32. Rxf5 Bg7 33. Rf7 Rb5 34. Nc3 (34. Qg4 $142 Qd7 35. Qxd7 Rxd5 36. Qg4 Rg5 37. Nxg5 e6 38. Nxe6 Bxb2 39. Rf8+ Kh7 40. Qg8#) 34... Rxb2 35. Rxe7 Qxe7 36. Qxe7 Bxc3 {[%emt 0:00:04][%mdl 4096] Endgame KQ-KRB} 37. Qe8+ $2 (37. Qxd6 Kg7 38. Qe7+ Kg8 39. Qe6+ Kg7 40. Qg4+ Kh7 41. Qe4+ Kg7 42. Qg4+ Kh7 43. Qd7+ Kg6 44. Qg4+ Kf7 45. Qxc4) 37... Kh7 38. Qe4+ Kh8 39. Qxc4 Be5 40. Qc7 Rf2 $2 (40... Kg8 41. Qc8+ Kh7 42. Qf5+ Kg7 43. Qg4+ Kh7) 41. Qe7 {[%emt 0:00:17] Threatens to win with Kg4.} Rf6 $2 (41... Rf5 42. Qe6 Rf6) 42. Kg4 Kg8 43. Kh5 Kh8 44. g4 Kg8 45. h4 Bd4 46. g5 {[%emt 0:00:30] White mates.} hxg5 47. hxg5 Rf7 48. Qxd6 Rh7+ 49. Kg4 Rf7 50. Qe6 Kg7 51. d6 Bb6 52. Qe8 Rf8 53. Qe5+ Kg6 54. Qe6+ Kg7 55. Qh6+ Kf7 56. g6+ Ke8 57. g7 Rg8 58. Qe6+ {[%emt 0:00:06] Weighted Error Value: White=0.43/Black=0.62} 1-0

[Event "5th Sharjah Masters 2022"]
[Site "Sharjah"]
[Date "2022.05.22"]
[Round "2.36"]
[White "Sankalp Gupta"]
[Black "Begmuratov, Khumoyun"]
[Result "1-0"]
[ECO "D38"]
[WhiteElo "2505"]
[BlackElo "2384"]
[Annotator "TA"]
[PlyCount "99"]
[EventDate "2022.05.21"]
[EventType "swiss"]
[EventCountry "UAE"]
[SourceTitle "playchess.com"]
[Source "ChessBase"]
[SourceQuality "1"]
[TimeControl "5400+30"]

1. d4 Nf6 2. c4 e6 3. Nf3 d5 4. Nc3 Bb4 5. Qa4+ Nc6 6. e3 O-O 7. Bd2 Bd7 {[%emt 0:06:29][%cal Oc6d4] [#] ...Nxd4! is the strong threat. D38: Queen's Gambit Declined: Ragozin Defence (4 Nf3 Bb4).} 8. Qc2 dxc4 9. Bxc4 Bd6 {[%emt 0:04:03] The position is equal.} 10. e4 {[%emt 0:06:22] And now e5 would win.} e5 $1 11. dxe5 Nxe5 12. Nxe5 Bxe5 13. O-O-O {[%emt 0:00:34] [#]} b5 $146 (13... c5 $11) ({Predecessor:} 13... Qe7 14. f4 Bxc3 15. Bxc3 Bg4 16. Rde1 Be6 17. e5 Nd7 18. Bd3 g6 19. Kb1 Nb6 {1-0 (29) Storme,I (2270)-Sjodahl,P (2429) Norrkoeping 2019}) 14. Bxb5 $14 Bxb5 15. Nxb5 Qe8 16. Nc3 ({Don't go for} 16. Nxc7 $2 Bxc7 17. f3 (17. Qxc7 $2 Rc8 $19) 17... Be5 $19) 16... Bxc3 17. Bxc3 Qxe4 18. Rhe1 Qf4+ 19. Qd2 Qc4 20. b3 Qc6 21. Qd4 {[%emt 0:00:44] Prevents Ne4.} a5 {[%emt 0:05:49] [#]} 22. Qc4 $1 Qxc4 (22... Qxg2 $2 23. Bxf6 Qxf2 24. Bc3 $18) 23. bxc4 Ra6 24. Re5 a4 25. f3 Rfa8 26. Rc5 Ne8 27. Kb2 h6 28. Ka3 Re6 29. Re1 Rea6 30. Bb4 $36 {[%emt 0:00:00][%mdl 2048] Keeping Black busy. White is much more active.} Rb6 (30... g6 $142) 31. Ra5 $16 Rab8 (31... Rc8 $16) 32. Rb5 $1 $18 ({Weaker is} 32. Rxa4 Nd6 $14) 32... Rxb5 33. cxb5 {[%emt 0:00:00][%mdl 4096] Endgame KRB-KRN} Nf6 34. Kxa4 Nd5 35. a3 Ra8+ 36. Kb3 Rb8 37. a4 c6 38. Bd6 Rb7 39. Kc4 Nb6+ 40. Kd4 ({Worse is} 40. Kc5 Nxa4+ 41. Kxc6 Rb6+ 42. Kc7 Rxb5 $11) 40... cxb5 41. axb5 {[%emt 0:00:00] Strongly threatening Re8+.} Nd7 42. Rb1 Nb6 $2 (42... Rb6) 43. Kc5 Na4+ 44. Kc6 Rb6+ 45. Kc7 f6 46. Rb4 {[%emt 0:00:00] Threatens to win with Bc5.} Kf7 47. Bc5 Nxc5 48. Kxb6 Nd3 49. Rd4 Ne5 50. Kc7 {[%emt 0:00:00] Weighted Error Value: White=0.03 (flawless) /Black=0.45} 1-0

[Event "5th Sharjah Masters 2022"]
[Site "Sharjah"]
[Date "2022.05.22"]
[Round "2.37"]
[White "Aziz, Husain"]
[Black "Gharibyan, Mamikon"]
[Result "1-0"]
[ECO "D38"]
[WhiteElo "2379"]
[BlackElo "2487"]
[Annotator "TA"]
[PlyCount "49"]
[EventDate "2022.05.21"]
[EventType "swiss"]
[EventCountry "UAE"]
[SourceTitle "playchess.com"]
[Source "ChessBase"]
[SourceQuality "1"]
[TimeControl "5400+30"]

1. Nf3 d5 2. d4 Nf6 3. c4 e6 4. Nc3 Bb4 5. Qb3 a5 6. Bg5 {[%emt 0:00:30] D38: Queen's Gambit Declined: Ragozin Defence (4 Nf3 Bb4).} c5 {[%emt 0:00:30] is now more promising than 6...c6.} 7. a3 a4 8. Qc2 {[%emt 0:00:30] White has an edge.} Bxc3+ {[%emt 0:00:30] [#]} 9. bxc3 $146 ({Predecessor:} 9. Qxc3 Nc6 10. cxd5 cxd4 11. Nxd4 Nxd5 12. Qxc6+ bxc6 13. Bxd8 Kxd8 14. Nxc6+ Kd7 15. Ne5+ {0-1 (91) Nesterov,A (2482)-Bluebaum,M (2670) Chess.com INT 2021}) 9... dxc4 10. e4 (10. dxc5 Qd5 $11) 10... cxd4 11. cxd4 b5 12. e5 h6 (12... Qa5+ $2 13. Bd2 Qa6 14. exf6 gxf6 15. Rb1 $18) 13. exf6 hxg5 14. fxg7 Rg8 15. Qh7 Ke7 16. Be2 {[%emt 0:00:30] Threatens to win with 0-0.} (16. Nxg5 $6 Bb7 17. Be2 Qa5+ 18. Kf1 Nd7 $11) 16... Nd7 17. O-O $1 {[%emt 0:00:30] Ne5 is the strong threat. White is more active.} ({Reject} 17. Nxg5 Qa5+ 18. Kf1 Bb7 $15) 17... Nf6 (17... Bb7 $16 {might work better.}) 18. Qh6 $1 $36 {[%emt 0:00:30][%mdl 2048] aiming for Rab1. Keeping Black busy.} g4 19. Ne5 {[%emt 0:00:30] Strongly threatening Nc6+.} Bb7 {[%emt 0:00:30] Prevents Nc6+. And now ...Qd5 would win.} 20. Bxg4 {[%emt 0:00:30] Black must now prevent Qg5.} ({Resist} 20. Nxg4 $6 Nxg4 21. Bxg4 Qxd4 22. Qg5+ f6 23. Qxb5 Qd5 24. Qb4+ Kf7 $16) 20... Qxd4 {[%emt 0:00:30] [#]} 21. Qg5 {[%emt 0:00:30] Hoping for Rfe1.} Rad8 {[%emt 0:00:30] [#]} (21... Rac8 $16) 22. Rad1 $1 {[%emt 0:00:30] Really sharp!} Qc3 {[%emt 0:00:30] [#]} (22... Rxg7 $18 23. Qxg7 Qxe5) 23. Nc6+ $1 Bxc6 24. Qc5+ Ke8 25. Qxc6+ {[%emt 0:00:30] Weighted Error Value: White=0.00 (flawless) /Black=0.42} 1-0